 Dungeon Crawl Stone Soup version 0.30-a0-879-ga8ba668304 (webtiles) character file.

Game seed: 2913615376349022594

464 CowFu the Shield-Bearer (level 7, 0/60 HPs)
             Began as a Gnoll Fighter on Mar 12, 2023.
             Succumbed to an orc wizard's poison
             ... on level 5 of the Dungeon.
             The game lasted 00:03:30 (3292 turns).

CowFu the Shield-Bearer (Gnoll Fighter)             Turns: 3292, Time: 00:03:30

Health: 0/60       AC: 13    Str: 17    XL:     7   Next: 8%
Magic:  10/10      EV:  7    Int:  9    God:
Gold:   176        SH:  5    Dex: 12    Spells: 10/10 levels left

rFire   . . .      SeeInvis .    a - +0 long sword
rCold   . . .      Faith    .    c - +0 buckler
rNeg    . . .      Spirit   .    s - +1 chain mail of Lugonu's Anger {rElec Int+2 Slay+2}
rPois   .          Reflect  .    q - +0 hat
rElec   +          Rampage  .    (no cloak)
rCorr   .                        t - +1 pair of gloves
Will    +....                    (no boots) Stlth
                                 (no amulet)
HPRegen 0.30/turn                i - ring of willpower
MPRegen 0.12/turn                (no ring)

@: lethally poisoned (0 -> -22)
A: fangs 1, strong nose, distributed training
a: no special abilities


You were on level 5 of the Dungeon.
You visited 1 branch of the dungeon, and saw 5 of its levels.

You collected 200 gold pieces.
You spent 24 gold pieces at shops.

Inventory:

Hand Weapons
 a - a +0 long sword (weapon)
Armour
 c - a +0 buckler (worn)
 q - a +0 hat (worn)
 s - the +1 chain mail of Lugonu's Anger (worn) {rElec Int+2 Slay+2}
   (You took it off a hobgoblin on level 4 of the Dungeon)

   Int:       It affects your intelligence (+2).
   Slay:      It affects your accuracy & damage with ranged weapons and melee
   (+2).
   rElec:     It insulates you from electricity.
 t - a +1 pair of gloves (worn)
Jewellery
 b - a ring of protection from cold
 i - a ring of willpower (left hand)
Wands
 m - a wand of iceblast (24)
Scrolls
 e - a scroll of identify
 f - 5 scrolls of teleportation {unknown}
 g - 3 scrolls of vulnerability {unknown}
 h - a scroll of blinking {unknown}
 j - a scroll of poison {unknown}
 l - 2 scrolls of enchant armour {unknown}
 n - a scroll of fog {unknown}
 v - a scroll of silence {unknown}
Potions
 d - 3 potions of might
 k - a potion of brilliance
 o - a potion of magic
 p - a potion of berserk rage
 r - a potion of flight
 w - 2 potions of mutation {unknown}


   Skills:
 + Level 7.0 Fighting
 + Level 2.3 Short Blades
 + Level 5.2 Long Blades
 + Level 2.3 Axes
 + Level 2.3 Maces & Flails
 + Level 2.3 Polearms
 + Level 2.3 Staves
 + Level 2.3 Ranged Weapons
 + Level 2.3 Throwing
 + Level 7.0 Armour
 + Level 2.3 Dodging
 + Level 2.3 Stealth
 + Level 7.0 Shields
 + Level 2.3 Unarmed Combat
 + Level 2.3 Spellcasting
 + Level 1.9 Conjurations
 + Level 1.9 Hexes
 + Level 1.9 Summonings
 + Level 1.9 Necromancy
 + Level 1.9 Translocations
 + Level 1.9 Transmutations
 + Level 1.9 Fire Magic
 + Level 1.9 Ice Magic
 + Level 1.9 Air Magic
 + Level 1.9 Earth Magic
 + Level 1.9 Poison Magic
 + Level 2.6 Invocations
 + Level 2.3 Evocations


You had 10 spell levels left.
You didn't know any spells.
Your spell library contained the following spells:

 Spells                   Type           Power      Damage    Failure   Level
 Necrotise                Necr           16%        1d4       91%         1
 Call Canine Familiar     Summ           4%         N/A       100%        3
 Portal Projectile        Hex/Tloc       8%         N/A       100%        3
 Vampiric Draining        Necr           4%         2d6       100%        3
 Leda's Liquefaction      Hex/Erth       2%         N/A       100%        4
 Agony                    Necr           4%         N/A       100%        5


Dungeon Overview and Level Annotations

Branches:
Dungeon (5/15)
 Temple: D:4-7

Altars:
Cheibriados
Elyvilon
Ru
Wu Jian
Yredelemnul

Shops:
D:3 ?

Annotations:
D:4 Dowan, Duvessa


Innate Abilities, Weirdness & Mutations

You have very sharp teeth.
Your uncanny sense of smell can sniff out nearby items.
Your experience applies equally to all skills.


Message History

The orc hits you with a +0 whip.
* * * LOW HITPOINT WARNING * * *
The orc wizard casts a spell.
The orc wizard flickers and vanishes!
Deactivating autopickup; reactivate with Ctrl-A.
Okay, then.
You closely miss something.
You feel sick. The orc barely misses you. The orc hits you with a +0 whip.
* * * LOW HITPOINT WARNING * * *
Something hits you but does no damage.
You are lethally poisoned!
You slash the orc!
You kill the orc!
* * * LOW HITPOINT WARNING * * *
You feel very sick. The orc hits you but does no damage.
Something hits you but does no damage.
You are more poisoned.
You feel much better.
You feel very sick. Something hits you but does no damage.
The orc hits you but does no damage.
You barely miss the orc.
You feel very sick. Something hits you but does no damage.
You are more poisoned.
The orc hits you but does no damage.
You slash the orc!
You kill the orc!
You feel extremely sick. Something hits you but does no damage.
You are lethally poisoned!
Something hits you but does no damage.
You barely miss something.
* * * LOW HITPOINT WARNING * * *
You feel extremely sick.
You hear some strange, mumbled words.
A puff of flame appears from out of thin air!
The puff of flame hits you!
* * * LOW HITPOINT WARNING * * *
You miss something.
You die...

#######.#######..#
#.# #..# #.# #..#
#.# #..# #.# #..#
#.# #..## #.#
#...# ##..# #@)#
#{)# #..# ∆ #..#
.... .#.## . .# #.
..


There were no monsters in sight!

Vanquished Creatures
  Grinder (D:4)
  Blork the orc (D:4)
  A hound (D:4)
  A gnoll bouda (D:5)
  4 gnolls (D:4)
  2 adders (D:4)
  A worm (D:3)
  5 dart slugs
  7 orcs
  2 ball pythons (D:4)
  2 bats
  4 endoplasms
  3 giant cockroaches
  6 goblins
  6 hobgoblins
  3 quokkas
  4 frilled lizards
  3 kobolds
  3 rats
59 creatures vanquished.

Notes
Turn   | Place    | Note
-------+----------+-------------------------------------------
     0 | D:1      | CowFu the Gnoll Fighter began the quest for the Orb.
     0 | D:1      | Reached XP level 1. HP: 23/23 MP: 1/1
   207 | D:1      | Reached XP level 2. HP: 29/29 MP: 2/2
  1028 | D:2      | Reached XP level 3. HP: 35/35 MP: 3/3
  1110 | D:2      | Identified the +3 pair of boots "Earthly Heaven" {-Tele rN+
                  | Str+6}
  1442 | D:3      | Reached skill level 1 in Invocations
  1962 | D:3      | Found Maochiwk's Magic Scroll Emporium.
  1967 | D:3      | Bought a scroll of identify for 24 gold pieces
  2156 | D:4      | Noticed Grinder
  2162 | D:4      | Paralysed by Grinder for 2 turns
  2172 | D:4      | Killed Grinder
  2173 | D:4      | Reached skill level 1 in Short Blades
  2173 | D:4      | Reached skill level 1 in Axes
  2173 | D:4      | Reached skill level 1 in Maces & Flails
  2173 | D:4      | Reached skill level 1 in Polearms
  2173 | D:4      | Reached skill level 1 in Staves
  2173 | D:4      | Reached skill level 1 in Ranged Weapons
  2173 | D:4      | Reached skill level 1 in Throwing
  2173 | D:4      | Reached skill level 1 in Dodging
  2173 | D:4      | Reached skill level 1 in Stealth
  2173 | D:4      | Reached skill level 1 in Unarmed Combat
  2173 | D:4      | Reached skill level 1 in Spellcasting
  2173 | D:4      | Reached skill level 1 in Conjurations
  2173 | D:4      | Reached skill level 1 in Hexes
  2173 | D:4      | Reached skill level 1 in Summonings
  2173 | D:4      | Reached skill level 1 in Necromancy
  2173 | D:4      | Reached skill level 1 in Translocations
  2173 | D:4      | Reached skill level 1 in Transmutations
  2173 | D:4      | Reached skill level 1 in Fire Magic
  2173 | D:4      | Reached skill level 1 in Ice Magic
  2173 | D:4      | Reached skill level 1 in Air Magic
  2173 | D:4      | Reached skill level 1 in Earth Magic
  2173 | D:4      | Reached skill level 1 in Poison Magic
  2173 | D:4      | Reached skill level 1 in Evocations
  2173 | D:4      | Reached XP level 4. HP: 25/41 MP: 4/6
  2173 | D:4      | Reached XP level 5. HP: 28/47 MP: 4/7
  2173 | D:4      | Reached XP level 6. HP: 32/53 MP: 4/8
  2280 | D:4      | Identified the +1 chain mail of Lugonu's Anger {rElec Int+2
                  | Slay+2}
  2329 | D:4      | Reached skill level 5 in Long Blades
  2379 | D:5      | Entered Level 5 of the Dungeon
  2755 | D:4      | Found a snail-covered altar of Cheibriados.
  2757 | D:4      | Found a sacrificial altar of Ru.
  2758 | D:4      | Found a white marble altar of Elyvilon.
  2844 | D:4      | Noticed Blork the orc
  2857 | D:4      | Killed Blork the orc
  2858 | D:4      | Reached XP level 7. HP: 58/60 MP: 10/10
  3197 | D:4      | Found a basalt altar of Yredelemnul.
  3199 | D:4      | Found an ornate altar of the Wu Jian Council.
  3199 | D:4      | Noticed Duvessa
  3199 | D:4      | Noticed Dowan
  3287 | D:5      | HP: 3/60 [poisoned by an orc wizard]
  3292 | D:5      | Succumbed to an orc wizard's poison

Illustrated notes

Levels and vault maps discovered:
D:1:      psy_arrival_radial01, layout_loops_ring,
          hangedman_abyss_or_decor_lesser_grid, palyth_stone_intersect,
          minmay_tromino_v2
D:2:      layout_loops_ring
D:3:      layout_loops_cross, serial_shops, shop, kennysheep_cross_bottleneck
D:4:      layout_loops_cross, nicolae_overflow_hidden_temple,
          kennysheep_generic_room_11, uniq_duvessa, uniq_grinder,
          uniq_blork_the_orc
D:5:      layout_loops_ring, mainiacjoe_overflow_cross_hatched

Skill      XL: |  1  2  3  4  5  6 |
---------------+-------------------+-----
Invocations    | 2 |  2.6
Short Blades   | 1 2 |  2.3
Axes           | 1 2 |  2.3
Maces & Flails | 1 2 |  2.3
Polearms       | 1 2 |  2.3
Staves         | 1 2 |  2.3
Ranged Weapons | 1 2 |  2.3
Throwing       | 1 2 |  2.3
Dodging        | 1 2 |  2.3
Stealth        | 1 2 |  2.3
Unarmed Combat | 1 2 |  2.3
Spellcasting   | 1 2 |  2.3
Conjurations   | 1 |  1.9
Hexes          | 1 |  1.9
Summonings     | 1 |  1.9
Necromancy     | 1 |  1.9
Translocations | 1 |  1.9
Transmutations | 1 |  1.9
Fire Magic     | 1 |  1.9
Ice Magic      | 1 |  1.9
Air Magic      | 1 |  1.9
Earth Magic    | 1 |  1.9
Poison Magic   | 1 |  1.9
Evocations     | 1 2 |  2.3
Long Blades    | 5 |  5.2
Fighting       | 7 |  7.0
Armour         | 7 |  7.0
Shields        | 7 |  7.0

Action                     |  1- 3 |  4- 6 |  7- 9 || total
---------------------------+-------+-------+-------++-------
  Melee: Long sword        |    90 |   101 |    29 ||   220
         Bite              |     7 |     7 |     3 ||    17
    Use: Scroll            |     7 |       |       ||     7
         Potion            |     1 |     2 |     1 ||     4
 Armour: Scale mail        |    43 |    14 |       ||    57
         Chain mail        |       |    42 |    28 ||    70
  Dodge: Dodged            |    29 |    40 |    13 ||    82
  Block: Buckler           |    16 |    38 |    12 ||    66

Table legend: (Time is in decaauts)
 A = Elapsed time spent in this place.
 B = Non-inter-level travel time spent in this place.
 C = Inter-level travel time spent in this place.
 D = Time resting spent in this place.
 E = Time spent auto-exploring this place.
 F = Levels seen in this place.
 G = Mean time per level.
                   A        B        C        D        E       F      G
               +--------+--------+--------+--------+--------+-----+--------+
         Total |   3333 |   3192 |    141 |      0 |   2577 |   5 |  666.6 |
       Dungeon |   3333 |   3192 |    141 |      0 |   2577 |   5 |  666.6 |
               +--------+--------+--------+--------+--------+-----+--------+

Top non-repeatable levels by time:
     D:4: 1011 daAuts
     D:1: 812 daAuts
     D:3: 711 daAuts
     D:2: 624 daAuts
     D:5: 174 daAuts
